 Dungeon Crawl Stone Soup version 0.30.1-4-g462c640d31 (webtiles) character file.

Game seed: 18270309872032283351

2366 Kurtz the Cleaver (level 9, -6/53 HPs)
             Began as a Tengu Fighter on Sept 16, 2023.
             Was a Believer of Okawaru.
             Killed from afar by a gargoyle (18 damage)
             ... with a stone arrow
             ... on level 7 of the Dungeon.
             The game lasted 00:06:29 (6071 turns).

Kurtz the Cleaver (Tengu Fighter)                   Turns: 6071, Time: 00:06:30

Health: -6/53      AC: 13    Str: 19    XL:     9   Next: 44%
Magic:  8/10       EV: 13    Int:  9    God:    Okawaru [**....]
Gold:   444        SH:  6    Dex: 15    Spells: 8/8 levels left

rFire   . . .        a - +0 war axe
rCold   . . .        c - +0 buckler
rNeg    . . .        l - +0 chain mail
rPois   .            (helmet restricted)
rElec   .            t - +0 cloak
rCorr   .            (no gloves)
SInv    .            (boots unavailable)
Will    .....        (no amulet) Stlth
                     (no ring)
HPRegen 0.28/turn    (no ring)
MPRegen 0.12/turn

%: no passive effects
@: heroic, flying quickly and evasively, quick
A: beak, talons 3, nimble flight
a: Renounce Religion, Heroism


You were on level 7 of the Dungeon.
You worshipped Okawaru.
Okawaru was pleased with you.
You visited 2 branches of the dungeon, and saw 8 of its levels.

You collected 444 gold pieces.

Inventory:

Hand Weapons
 a - a +0 war axe (weapon)
Missiles
 b - 18 poisoned darts (quivered)
Armour
 c - a +0 buckler (worn)
 l - a +0 chain mail (worn)
 t - a +0 cloak (worn)
Wands
 p - a wand of charming (23)
 q - a wand of flame (21)
Scrolls
 e - 2 scrolls of amnesia {unknown}
 f - a scroll of magic mapping {unknown}
 g - 6 scrolls of identify {unknown}
 i - a scroll of fog {unknown}
 j - 3 scrolls of fear {unknown}
 m - 4 scrolls of teleportation {unknown}
 s - a scroll of blinking {unknown}
Potions
 d - 5 potions of might
 h - 2 potions of curing {unknown}
 k - a potion of berserk rage {unknown}
 n - 2 potions of brilliance
 o - a potion of flight {unknown}
 r - a potion of attraction {unknown}
 u - a potion of degeneration {unknown}
 v - 2 potions of heal wounds
 w - a potion of mutation {unknown}


   Skills:
 * Level 4.9(9.9) Fighting
 - Level 11.0(16.0) Axes
 * Level 5.8(10.8) Armour
 * Level 3.1(8.1) Dodging
 * Level 4.2(9.2) Shields


You had 8 spell levels left.
You didn't know any spells.
Your spell library contained the following spells:

 Spells                   Type           Power      Damage    Failure   Level
 Ensorcelled Hibernation  Hex/Ice        0%         N/A       99%         2
 Lesser Beckoning         Tloc           0%         N/A       99%         2
 Passwall                 Tmut/Erth      0%         N/A       99%         2
 Scorch                   Fire           0%         2d5       99%         2
 Gell's Gravitas          Tloc           0%         N/A       100%        3
 Portal Projectile        Hex/Tloc       0%         N/A       100%        3
 Swiftness                Air            0%         N/A       100%        3
 Teleport Other           Tloc           0%         N/A       100%        3
 Volatile Blastmotes      Fire/Tloc      0%         2d10      100%        3
 Flame Wave               Conj/Fire      0%         2d4       100%        4
 Fulminant Prism          Conj/Hex       0%         3d5       100%        4
 Iskenderun's Mystic Bla  Conj/Tloc      0%         2d3       100%        4
 Leda's Liquefaction      Hex/Erth       0%         N/A       100%        4
 Lee's Rapid Deconstruct  Erth           0%         3d4*      100%        5
 Call Canine Familiar     Summ           Unusable   N/A       N/A         3
 Summon Cactus Giant      Summ           Unusable   N/A       N/A         6

Dungeon Overview and Level Annotations

Branches:
Dungeon (7/15)             Temple (1/1) D:4

Altars:
Cheibriados
Dithmenos
Gozag
Hepliaklqana
Kikubaaqudgha
Okawaru
Qazlal
Ru
Trog
Vehumet
Xom
Yredelemnul
Zin
The Shining One
Lugonu

Portals:
Abyss: D:5

Annotations:
D:3 1 runed translucent door, Crazy Yiuf


Innate Abilities, Weirdness & Mutations

You have a beak for a mouth.
You have claws for feet.
Your magical nature lets you fly swiftly and evasively.


Message History

You see here 4 stones.
You now have 444 gold pieces (gained 12).
You reach down and open the door.
There is an open door here.
w - a brown potion You reach down and open the door.
There is an open door here.
Found a stone staircase leading up.
A gargoyle comes into view. It is wielding a +0 morningstar.
A gargoyle is nearby!
There is an open door here.
You hit the gargoyle but do no damage.
You peck the gargoyle, but do no damage.
The gargoyle hits you with a +0 morningstar!
You hit the gargoyle but do no damage.
The gargoyle hurls a stone arrow at you.
The stone arrow hits you!
You are too injured to fight recklessly!
You are too injured to fight recklessly!
Okay, then.
You gain the combat prowess of a mighty hero.
The gargoyle hits you with a +0 morningstar!
* * * LOW HITPOINT WARNING * * *
Unknown command.
You hit the gargoyle but do no damage. Your kick misses the gargoyle.
You peck the gargoyle, but do no damage.
You barely miss the gargoyle.
You claw the gargoyle, but do no damage.
You peck the gargoyle, but do no damage.
The gargoyle closely misses you.
You hit the gargoyle.
You peck the gargoyle, but do no damage.
The gargoyle is lightly damaged.
You block the gargoyle's attack.
You slash the gargoyle! Your kick misses the gargoyle.
You peck the gargoyle, but do no damage.
The gargoyle is heavily damaged.
The gargoyle hurls a stone arrow at you.
The stone arrow hits you!!
You die...

#..######>.....######.##.
.....# #......#.........
.....# #......#........
###### #......#..##..#
###....#..##..#
#....#......#
#....#......#
#....'......#
#....#@9....#
#....#......#
#....#.###.##
######.###.# #....<..#
#.......# #.......#
#########


You could see a gargoyle.

Vanquished Creatures
  Grinder (D:5)
  A human (D:6)
  2 water moccasins (D:5)
  A sky beast (D:6)
  2 black bears (D:6)
  An ice beast (D:6)
  An ogre (D:3)
  2 bullfrogs
  A kobold brigand (D:6)
  2 scorpions
  4 killer bees (D:7)
  A howler monkey (D:7)
  3 hounds
  A jelly (D:6)
  2 orc priests (D:3)
  2 sleepcaps
  8 iguanas
  4 orc wizards
  Robin (D:3)
  6 gnolls (D:4)
  7 adders
  A white imp (D:5)
  4 ufetubi
  3 dart slugs
  16 orcs
  8 bats
  2 endoplasms (D:4)
  5 giant cockroaches
  20 goblins
  12 hobgoblins
  5 quokkas
  7 ball pythons
  3 frilled lizards
  A goblin zombie (D:6)
  15 kobolds
  6 rats
161 creatures vanquished.

Vanquished Creatures (others)
  A lurking horror (D:5)
1 creature vanquished.

Grand Total: 162 creatures vanquished

Notes
Turn   | Place    | Note
-------+----------+-------------------------------------------
     0 | D:1      | Kurtz the Tengu Fighter began the quest for the Orb.
     0 | D:1      | Reached XP level 1. HP: 14/14 MP: 2/2
    52 | D:1      | Reached XP level 2. HP: 16/19 MP: 3/3
    57 | D:1      | Reached skill level 3 in Axes
   368 | D:1      | Reached XP level 3. HP: 19/23 MP: 4/4
   548 | D:1      | Reached skill level 4 in Axes
   918 | D:2      | Reached XP level 4. HP: 28/28 MP: 5/5
   953 | D:2      | Reached skill level 5 in Axes
  1144 | D:2      | Found a shimmering altar of Xom.
  1555 | D:3      | Gained mutation: Your magical nature lets you fly swiftly
                  | and evasively. [Tengu growth]
  1555 | D:3      | Reached XP level 5. HP: 28/32 MP: 6/6
  1657 | D:3      | Noticed Robin
  1666 | D:3      | Killed Robin
  1671 | D:3      | Reached skill level 6 in Axes
  1910 | D:3      | Reached XP level 6. HP: 33/37 MP: 7/7
  2004 | D:3      | Reached skill level 7 in Axes
  2142 | D:3      | Found a sacrificial altar of Ru.
  2286 | D:3      | Found a runed translucent door.
  2287 | D:3      | Noticed Crazy Yiuf
  2661 | D:4      | Reached skill level 8 in Axes
  2661 | D:4      | Reached XP level 7. HP: 41/41 MP: 8/8
  2764 | D:4      | Found a radiant altar of Vehumet.
  2826 | D:4      | Found a bloodstained altar of Trog.
  3225 | D:4      | Found a staircase to the Ecumenical Temple.
  3302 | Temple   | Entered the Ecumenical Temple
  3355 | Temple   | Became a worshipper of Warmaster Okawaru
  3463 | D:4      | Reached skill level 9 in Axes
  3544 | D:5      | Entered Level 5 of the Dungeon
  3661 | D:5      | Found a one-way gate to the infinite horrors of the Abyss.
  3661 | D:5      | Found a corrupted altar of Lugonu.
  3677 | D:5      | Reached XP level 8. HP: 20/46 MP: 9/9
  3800 | D:5      | Found an ancient bone altar of Kikubaaqudgha.
  3914 | D:5      | Found a hazy altar of Hepliaklqana.
  3915 | D:5      | Noticed Grinder
  3963 | D:5      | Reached skill level 10 in Axes
  4044 | D:5      | Reached * piety under Okawaru
  4180 | D:5      | Killed Grinder
  4181 | D:5      | Reached skill level 11 in Axes
  4493 | D:6      | Found a runed translucent door.
  4494 | D:6      | Found a basalt altar of Yredelemnul.
  4496 | D:6      | Identified the +1 helmet of the Moon Troll {rF++ Int-4
                  | Dex-2 Stlth+}
  4560 | D:6      | Reached skill level 1 in Dodging
  4804 | D:6      | Reached ** piety under Okawaru
  4805 | D:6      | Reached XP level 9. HP: 39/52 MP: 10/10
  4872 | D:6      | Reached skill level 5 in Armour
  5634 | D:7      | Found a stormy altar of Qazlal.
  5914 | D:7      | Found a glowing golden altar of the Shining One.
  6062 | D:7      | Noticed a gargoyle
  6071 | D:7      | Killed from afar by a gargoyle

Illustrated notes

Levels and vault maps discovered:
D:1:      dpeg_arrival_renting, layout_loops_ring
D:2:      layout_basic, basic_altar
D:3:      layout_loops_ring, mainiacjoe_overflow_concentric_impassable,
          uniq_crazy_yiuf_cottage, uniq_robin
D:4:      layout_rooms, kennysheep_mini, lemuel_doored_altar,
          minmay_temple_entry_offerings
D:5:      layout_rooms, old_standard_altar, nicolae_kikubaaqudgha_miasma_corner,
          amcnicky_altar_lugonu_corruption, uniq_grinder
D:6:      layout_rooms, dk_yredelemnul_ordeal
D:7:      layout_gridville, lemuel_crystal_altar, tso_oasis_becter
Temple:   nicolae_temple_superstar

Skill      XL: |  1  2  3  4  5  6  7  8  9 |
---------------+----------------------------+-----
Axes           | 3 4 5 6 8 9 11 | 11.0
Dodging        | 2 3 |  3.1
Armour         | 4 5 |  5.8
Fighting       | 4 |  4.9
Shields        | 4 |  4.2

Action                     |  1- 3 |  4- 6 |  7- 9 || total
---------------------------+-------+-------+-------++-------
  Melee: War axe           |    75 |   143 |   240 ||   458
         Kick              |    13 |    30 |    58 ||   101
         Peck              |     5 |    12 |    39 ||    56
 Invoke: Heroism           |       |       |     1 ||     1
  Evoke: Wand              |       |       |     5 ||     5
    Use: Potion            |       |       |     3 ||     3
 Armour: Scale mail        |    42 |    16 |       ||    58
         Chain mail        |       |    45 |   110 ||   155
  Dodge: Dodged            |    22 |    51 |   100 ||   173
  Block: Buckler           |    20 |    26 |    52 ||    98
